 Dungeon Crawl Stone Soup version 0.29.1-15-g9cfb28693d (webtiles) character file.

Game seed: 14504282651769142484

18006 raph the Destroyer (level 12, -4/97 HPs)
             Began as a Red Draconian Conjurer on Apr 19, 2023.
             Was an Initiate of Gozag.
             Slain by a cane toad (10 damage)
             ... on level 3 of the Lair of Beasts.
             The game lasted 00:34:53 (20565 turns).

raph the Destroyer (Red Draconian Conjurer)        Turns: 20565, Time: 00:34:54

Health: -4/97      AC: 14    Str: 12    XL:     12   Next: 23%
Magic:  6/20       EV: 13    Int: 28    God:    Gozag
Gold:   1177       SH:  0    Dex:  9    Spells: 2/22 levels left

rFire   + . .      SeeInvis .   n - +0 lajatang (venom)
rCold   . . .      Faith    .   (shield currently unavailable)
rNeg    . . .      Spirit   .   (body armour unavailable)
rPois   .          Reflect  .   q - +1 hat
rElec   .          Harm     .   D - +0 cloak
rCorr   .          Rampage  .   (no gloves)
Will    .....                   (no boots)
Stlth   ++........              s - amulet of the acrobat
HPRegen 0.26/turn               g - +4 ring of protection
MPRegen 0.17/turn               K - +6 ring of intelligence

@: mighty, brilliant, lethally poisoned (-4 -> -16)
A: breathe fire, AC +8, unfitting armour, fire resistance 1, cold-blooded
a: Breathe Fire, Renounce Religion, Potion Petition, Call Merchant, Bribe Branch


You were on level 3 of the Lair of Beasts.
You worshipped Gozag.
Gozag was most pleased with you.
You visited 3 branches of the dungeon, and saw 14 of its levels.
You also visited: Sewer.

You collected 2585 gold pieces.
You spent 572 gold pieces at shops.
You paid 836 gold pieces to Gozag.

Inventory:

Hand Weapons
 n - a +0 lajatang of venom (weapon)
 p - the +4 hand axe "Hunic" {spect, rC+ Str+4}
   (You took it off an orc on level 5 of the Dungeon)

   When its wielder attacks, the weapon's spirit leaps out and strikes again.
   The spirit shares a part of any damage it takes with its wielder.
   Str:       It affects your strength (+4).
   rC:        It protects you from cold.
Missiles
 i - 2 throwing nets
 l - 48 poisoned darts
 y - a curare-tipped dart
Armour
 q - a +1 hat (worn)
 D - a +0 cloak (worn)
 O - a scarf of resistance
Magical Staves
 c - a staff of fire
Jewellery
 g - a +4 ring of protection (left hand)
 s - an amulet of the acrobat (around neck)
 C - a ring of protection from fire
 K - a +6 ring of intelligence (right hand)
 M - a ring of protection from fire
Wands
 o - a wand of paralysis (8)
 t - a wand of roots (24)
 v - a wand of flame (20)
 x - a wand of mindburst (10)
 B - a wand of polymorph (3)
 E - a wand of digging (6)
Scrolls
 e - a scroll of immolation
 j - 2 scrolls of poison
 w - 2 scrolls of magic mapping
 A - 3 scrolls of teleportation
 F - a scroll of silence
 H - a scroll of amnesia
 I - 3 scrolls of identify
 L - 2 scrolls of summoning
 N - 4 scrolls of fog
Potions
 a - 2 potions of magic
 d - 2 potions of flight
 f - a potion of brilliance
 h - 3 potions of cancellation
 k - 4 potions of attraction
 m - 7 potions of lignification
 r - 3 potions of mutation
 z - a potion of ambrosia
 G - a potion of resistance
 J - 3 potions of curing
Miscellaneous
 u - a tin of tremorstones (2/2)


   Skills:
 + Level 6.9 Fighting
 + Level 6.3 Staves
 + Level 6.1 Dodging
 - Level 1.7 Stealth
 - Level 5.9 Spellcasting
 + Level 12.1 Conjurations
 - Level 6.7 Hexes
 - Level 1.2 Summonings
 + Level 9.7 Fire Magic


You had 2 spell levels left.
You knew the following spells:

 Your Spells              Type           Power      Damage    Failure   Level
a - Magic Dart            Conj           100%       1d8       1%          1
b - Searing Ray           Conj           100%       2d8       1%          2
c - Dazzling Flash        Conj/Hex       100%       N/A       1%          3
d - Fulminant Prism       Conj/Hex       37%        3d18      1%          4
e - Iskenderun's Mystic   Conj/Tloc      59%        2d12      4%          4
f - Summon Small Mammal   Summ           88%        N/A       3%          1
g - Fireball              Conj/Fire      40%        3d16      1%          5

Your spell library contained the following spells:

 Spells                   Type           Power      Damage    Failure   Level
 Ensorcelled Hibernation  Hex/Ice        80%        N/A       2%          2
 Beastly Appendage        Tmut           24%        N/A       6%          1
 Necrotise                Necr           48%        1d6       6%          1
 Wereblood                Tmut           12%        N/A       10%         2
 Tukima's Dance           Hex            62%        N/A       1%          3
 Summon Guardian Golem    Hex/Summ       45%        N/A       3%          3
 Call Canine Familiar     Summ           22%        N/A       11%         3
 Starburst                Conj/Fire      40%        6d12      11%         6
 Anguish                  Hex/Necr       20%        N/A       16%         4
 Leda's Liquefaction      Hex/Erth       20%        N/A       16%         4
 Spider Form              Tmut/Pois      12%        N/A       19%         3
 Vampiric Draining        Necr           12%        2d6       19%         3
 Freezing Cloud           Conj/Ice/Air   23%        6-21      32%         5
 Yara's Violent Unravell  Hex/Tmut       20%        3d9       38%         5
 Passage of Golubria      Tloc           12%        N/A       52%         4
 Agony                    Necr           12%        N/A       86%         5
 Lee's Rapid Deconstruct  Erth           6%         3d7*      86%         5
 Statue Form              Tmut/Erth      8%         N/A       100%        6
 Ignition                 Fire           38%        3d11      100%        8
 Polar Vortex             Ice            6%         N/A       100%        9
 Simulacrum               Ice/Necr       Unusable   N/A       N/A         6

Dungeon Overview and Level Annotations

Branches:
Dungeon (9/15)             Temple (1/1) D:5            Lair (4/5) D:9
 Shoals (0/4) Lair:2        Snake (0/4) Lair:3        Sewer (visited)
  Slime: Lair:4-5       Orc: D:9-12

Altars:
Ashenzari
Cheibriados
Dithmenos
Elyvilon
Fedhas
Gozag
Hepliaklqana
Kikubaaqudgha
Makhleb
Nemelex Xobeh
Okawaru
Qazlal
Ru
Sif Muna
Trog
Uskayaw
Vehumet
Wu Jian
Xom
Yredelemnul
Zin
The Shining One

Shops:
D:2 =   D:7 *   D:8 :

Annotations:
Lair:2 exclusion: oklob plant


Innate Abilities, Weirdness & Mutations

You can breathe blasts of fire.
Your fiery red scales are hard. (AC +8)
You cannot fit into any form of body armour.
Your flesh is heat resistant. (rF+)
You are cold-blooded and may be slowed by cold attacks.


Message History

Confirm with . or Enter, or press ? or * to list all spells.
Aiming: Searing Ray (safe; 1% risk of failure)
Press: ? - help, Shift-Dir - straight line, f - cane toad
Aim: a cane toad (moderately wounded, 85% to hit)
The searing ray hits the cane toad.
The cane toad is heavily wounded. (Press . to maintain the ray.)
You feel very sick. The cane toad stings you.
You are more poisoned.
The cane toad poisons you!
The searing ray misses the cane toad.
You feel very sick. The cane toad stings you!
* * * LOW HITPOINT WARNING * * *
The searing ray misses the cane toad.
* * * LOW HITPOINT WARNING * * *
You feel very sick. The cane toad completely misses you.
The searing ray hits the cane toad.
The cane toad is heavily wounded.
You finish channelling your searing ray.
* * * LOW HITPOINT WARNING * * *
You feel very sick. The cane toad misses you.
The cane toad stings you but does no damage.
You feel better. The cane toad stings you!
* * * LOW HITPOINT WARNING * * *
You are lethally poisoned!
The cane toad poisons you! [a] - 320 gold - invisibility, might and brilliance [b] - 224 gold - might and brilliance [c] - 322 gold - resistance and might Purchase which effect?
You feel very mighty all of a sudden.
You feel clever all of a sudden.
* * * LOW HITPOINT WARNING * * *
You feel very sick. The cane toad stings you!
You die...
Your body crumbles into a pile of gold.

......##..:#####.###...#..# #.
.P##...#.##.....##.#......# #.
.###..##.............(.#..## ###.
.###..##.#.##..#...........###...
.P###..##########.........###.~~~
.## #..#### #..........##.~~~~
..# ##.##.### ####......P.#.~~~..
..###...##..###.###....#...~~~...
................@..........~~~...
...P#...###^#..P.FP#..##...~~...>
...P#...##.##P....##P..##..~~.~).
...P#.................#.#..~~~.~.
.[..#...#.#.##..........#...~~~))
....##..#.####.#..#.......##~~~~~
...P##.##.# #....##...#....##.~~~
.....#.##.###........##.#.##.##.#
........#......#..#..##....####..


You could see a cane toad.

Vanquished Creatures
  A hydra (Lair:3)
  2 merfolk sirens (Lair:2)
  A torpor snail (Lair:3)
  2 black mambas
  5 cane toads
  5 komodo dragons
  2 merfolk (Lair:2)
  A hornet (D:8)
  8 blink frogs (Lair:1)
  A shadow (D:9)
  2 wyverns
  26 yaks
  3 basilisks (D:9)
  2 steam dragons
  3 nagas (Lair:3)
  14 water moccasins
  An ice beast (D:7)
  2 sky beasts (D:7)
  2 orc warriors
  3 ogres
  3 wolves (Lair:1)
  A centaur (D:6)
  A phantom (D:5)
  5 kobold brigands
  2 necrophages
  8 bullfrogs
  A gnoll sergeant (D:8)
  2 scorpions
  7 wights
  14 killer bees
  7 howler monkeys
  A crimson imp (D:8)
  A lava snake (Lair:2)
  3 hounds
  7 jellies
  An iguana (D:7)
  3 orc wizards
  5 hell rats (Lair:3)
  6 gnolls
  12 adders
  4 river rats
  A shadow imp (D:7)
  A white imp (D:6)
  2 ufetubi (D:5)
  5 worms (D:5)
  21 orcs
  8 endoplasms
  2 giant cockroaches
  8 goblins
  9 hobgoblins
  11 jackals
  3 quokkas
  9 ball pythons
  7 bats
  5 frilled lizards (Sewer)
  41 kobolds
  14 rats
327 creatures vanquished.

Vanquished Creatures (others)
  An orc wizard (D:8)
  14 fulminant prisms
  20 fungi
  116 plants
151 creatures vanquished.

Grand Total: 478 creatures vanquished

Notes
Turn   | Place    | Note
-------+----------+-------------------------------------------
     0 | D:1      | raph the Draconian Conjurer began the quest for the Orb.
     0 | D:1      | Reached XP level 1. HP: 14/14 MP: 3/3
   279 | D:1      | Reached XP level 2. HP: 20/20 MP: 3/5
   425 | D:1      | Learned a level 2 spell: Searing Ray
  1150 | D:1      | Reached skill level 5 in Conjurations
  1196 | D:1      | Reached XP level 3. HP: 23/26 MP: 1/6
  1556 | D:2      | Found Keeleom's Jewellery Boutique.
  2309 | D:2      | Reached XP level 4. HP: 33/33 MP: 4/7
  2857 | D:2      | Found a faded altar of an unknown god.
  3983 | D:4      | Reached skill level 6 in Conjurations
  4181 | D:4      | Learned a level 3 spell: Dazzling Flash
  4244 | D:4      | Reached XP level 5. HP: 38/38 MP: 2/8
  4681 | D:3      | Reached skill level 7 in Conjurations
  4806 | D:4      | Reached XP level 6. HP: 38/45 MP: 3/9
  5706 | D:5      | Entered Level 5 of the Dungeon
  5739 | D:5      | Found a blossoming altar of Fedhas.
  5754 | D:5      | Found a staircase to the Ecumenical Temple.
  5773 | Temple   | Entered the Ecumenical Temple
  5803 | D:5      | Reached skill level 8 in Conjurations
  5956 | Temple   | Became a worshipper of Gozag Ym Sagoz the Greedy
  5975 | D:5      | Your scales start taking on a fiery red colour.
  5975 | D:5      | Reached XP level 7. HP: 50/50 MP: 8/11
  5975 | D:5      | Gained mutation: Your flesh is heat resistant. (rF+) [Red
                  | Draconian growth]
  6131 | D:5      | Found a glowing drain.
  6144 | Sewer    | Entered a sewer
  6318 | Sewer    | Learned a level 4 spell: Fulminant Prism
  6848 | D:5      | Noticed a yak
  6849 | D:5      | Noticed a yak
  6850 | D:5      | Noticed a yak
  6874 | D:5      | Noticed a yak
  6877 | D:5      | Killed a yak
  6878 | D:5      | Reached skill level 1 in Hexes
  7108 | D:5      | Noticed a yak
  7114 | D:5      | Killed a yak
  7312 | Temple   | Killed a yak
  7313 | Temple   | Reached XP level 8. HP: 7/57 MP: 4/13
  7619 | Temple   | Reached skill level 9 in Conjurations
  8328 | D:5      | Identified the +4 hand axe "Hunic" {spect, rC+ Str+4}
  8539 | D:5      | Reached skill level 1 in Fighting
  8539 | D:5      | Reached skill level 1 in Staves
  9372 | D:6      | Learned a level 4 spell: Iskenderun's Mystic Blast
  9711 | D:6      | Reached XP level 9. HP: 67/67 MP: 9/15
 10015 | D:6      | You fall into a shaft and drop 3 floors!
 10279 | D:9      | Reached skill level 10 in Conjurations
 10282 | D:9      | Reached skill level 5 in Hexes
 10538 | D:9      | Reached skill level 5 in Spellcasting
 10896 | D:9      | Found a staircase to the Lair.
 10922 | D:9      | Reached XP level 10. HP: 68/78 MP: 7/17
 13149 | D:7      | Identified the +0 long sword of the Stained God {drain,
                  | rF+}
 13240 | D:7      | Reached skill level 11 in Conjurations
 13564 | D:7      | Found Foniumn's Neck Hole.
 13602 | D:7      | Identified the +0 plate armour of the Evening Star {rC-
                  | Will+ Int-4 Dex+9}
 14142 | D:8      | Learned a level 1 spell: Summon Small Mammal
 14648 | D:8      | Reached skill level 1 in Summonings
 15001 | D:8      | Found Hustoits's Book Emporium.
 15006 | D:8      | Bought a book of Fire for 572 gold pieces
 15055 | D:8      | Learned a level 5 spell: Fireball
 15312 | D:8      | Found a shimmering altar of Xom.
 15338 | D:8      | Found a burning altar of Makhleb.
 15425 | Lair:1   | Entered Level 1 of the Lair of Beasts
 15463 | Lair:1   | Noticed a cane toad
 15468 | Lair:1   | Noticed a cane toad
 15488 | Lair:1   | Killed a cane toad
 15488 | Lair:1   | Killed a cane toad
 15489 | Lair:1   | Reached XP level 11. HP: 31/85 MP: 0/19
 15541 | Lair:1   | Reached skill level 5 in Fire Magic
 15598 | Lair:1   | HP: 4/85 [cane toad (19)]
 16262 | Lair:1   | Reached skill level 5 in Fighting
 17115 | Lair:2   | Reached skill level 5 in Staves
 17115 | Lair:2   | Reached skill level 5 in Dodging
 17634 | Lair:2   | Found a staircase to the Shoals.
 17668 | Lair:2   | Noticed an oklob plant
 18900 | Lair:3   | Noticed a four-headed hydra
 18905 | Lair:3   | Killed a four-headed hydra
 18906 | Lair:3   | Reached XP level 12. HP: 74/97 MP: 5/20
 19812 | Lair:3   | Reached skill level 12 in Conjurations
 20043 | Lair:3   | Found a staircase to the Snake Pit.
 20565 | Lair:3   | Slain by a cane toad

Illustrated notes

Levels and vault maps discovered:
D:1:      grunt_arrival_lava_bath, layout_basic
D:2:      layout_basic, dilly_ecumenical_altar_fadedgnrine, serial_shops,
          nicolae_square_shop, chequers_serial_rivers_micro_b,
          hangedman_feature_mirror
D:3:      layout_rooms
D:4:      layout_gridville, dreamdust_mushroom_princess
D:5:      layout_gridville, mainiacjoe_overflow_alcove_4,
          minmay_temple_entry_ruins, lightli_sewer_entry_pipes
D:6:      layout_gridville, minmay_small_thing
D:7:      layout_loops_ring, chequers_garden, grunt_ministairs_10,
          nicolae_shop_sticking_my_neck_out
D:8:      layout_rooms, grunt_temple_overflow_champion_of_chaos, serial_shops,
          kennysheep_little_box, kennysheep_flooded_box, nrook_loot_triangle
D:9:      kennysheep_kobold_camp, layout_loops_ring, minmay_lair_entry_grove,
          enter_bailey_2, serial_glass, glass_columns_a, glass_columns_a
Temple:   compressed_dpeg_triangle_lava_temple
Lair:1:   layout_chaotic_city, gauntlet_entry_generic
Lair:2:   layout_gridlike, elwin_shoals_entry_stream
Lair:3:   layout_loops_ring, guppyfry_snake_entry_island
Lair:4:   layout_misc_corridors, slime_entry_1, infiniplex_staircase_pool_2

Skill      XL: |  1  2  3  4  5  6  7  8  9 10 11 12 |
---------------+-------------------------------------+-----
Conjurations   | 5 6 7 8 9 10 11 12 | 12.1
Spellcasting   | 3 4 5 |  5.9
Hexes          | 2 4 5 6 |  6.7
Dodging        | 2 3 4 5 6 |  6.1
Fighting       | 2 3 4 6 |  6.9
Staves         | 2 3 4 5 6 |  6.3
Summonings     | 1 |  1.2
Fire Magic     | 4 9 |  9.7
Stealth        | |  1.7

Action                   |  1- 3 |  4- 6 |  7- 9 | 10-12 || total
-------------------------+-------+-------+-------+-------++-------
Melee: Dagger            |    16 |     1 |       |       ||    17
       Tailslap          |     3 |     1 |     8 |    13 ||    25
       Lajatang          |       |    21 |    68 |   114 ||   203
 Cast: Magic Dart        |    50 |     3 |     8 |    12 ||    73
       Searing Ray       |    16 |    39 |    48 |    76 ||   179
       Dazzling Flash    |       |     1 |     3 |       ||     4
       Fulminant Prism   |       |       |     3 |    11 ||    14
       Iskenderun's Myst |       |       |       |     6 ||     6
       Fireball          |       |       |       |    23 ||    23
Invok: Potion Petition   |       |       |       |     2 ||     2
 Abil: Breathe Fire      |       |       |    16 |    38 ||    54
  Use: Scroll            |     3 |    10 |     8 |     9 ||    30
       Potion            |       |       |     2 |     7 ||     9
 Stab: Sleeping          |     1 |       |     1 |     1 ||     3
Armor: Skin              |    19 |    41 |    60 |    87 ||   207
Dodge: Dodged            |    24 |   111 |   153 |   349 ||   637
